 Dungeon Crawl Stone Soup version 0.27.1-33-g824d729ab1 (webtiles) character file.

Game seed: 9629788839823173974

250 eliilek the Shield-Bearer (level 5, -8/47 HPs)
             Began as a Minotaur Fighter on Dec 20, 2021.
             Was a Follower of the Shining One.
             Mangled by an ogre (26 damage)
             ... on level 4 of the Dungeon.
             The game lasted 00:08:39 (3608 turns).

eliilek the Shield-Bearer (Minotaur Fighter)        Turns: 3608, Time: 00:08:40

Health: -8/47      AC: 13    Str: 20    XL:     5   Next: 88%
Magic:  0/4        EV:  4    Int:  5    God:    the Shining One [*.....]
Gold:   217        SH: 10    Dex: 11    Spells: 4/4 levels left

rFire    . . .     SeeInvis .   a - +0 flail
rCold    . . .     Faith    .   c - +0 kite shield
rNeg     . . .     Spirit   +   e - +0 plate armour
rPois    .         Reflect  .   (helmet restricted)
rElec    .         Harm     .   (no cloak)
rCorr    +         Rampage  .   (no gloves)
Will     .....                  r - +0 pair of boots
Stlth    ..........             l - amulet of guardian spirit
HPRegen  0.15/turn              p - ring of resist corrosion
MPRegen  0.09/turn              (no ring)

@: glowing
A: horns 2, retaliatory headbutt
a: Renounce Religion


You were on level 4 of the Dungeon.
You worshipped the Shining One.
The Shining One was aware of your devotion.
You visited 1 branch of the dungeon, and saw 5 of its levels.

You collected 272 gold pieces.
You spent 55 gold pieces at shops.

Inventory:

Hand Weapons
 a - a +0 flail (weapon)
Missiles
 h - 5 javelins (quivered)
 o - 22 poisoned darts
Armour
 c - a +0 kite shield (worn)
 e - a +0 plate armour (worn)
 r - a +0 pair of boots (worn)
Jewellery
 l - an amulet of guardian spirit (around neck)
 p - a ring of resist corrosion (left hand)
Wands
 t - a wand of iceblast (10)
Scrolls
 f - 3 scrolls of identify {unknown}
 i - 3 scrolls of enchant armour {unknown}
 k - 4 scrolls of teleportation
 n - 3 scrolls of fear {unknown}
 q - a scroll of amnesia {unknown}
 s - a scroll of immolation {unknown}
 u - a scroll of enchant weapon {unknown}
Potions
 b - a potion of curing {unknown}
 d - a potion of cancellation {unknown}
 g - 2 potions of invisibility {unknown}
 j - a potion of lignification {unknown}
 m - 4 potions of heal wounds
 v - a potion of flight {unknown}


   Skills:
 + Level 4.5 Fighting
 * Level 4.8 Maces & Flails
 + Level 4.5 Armour
 * Level 5.5 Shields


You had 4 spell levels left.
You didn't know any spells.
Your spell library contained the following spells:

 Spells                   Type           Power      Damage    Failure   Level
 Magic Dart               Conj           0%         1d3       100%        1
 Call Imp                 Summ           0%         N/A       100%        2
 Mephitic Cloud           Conj/Pois/Air  0%         N/A       100%        3


Dungeon Overview and Level Annotations

Branches:
Dungeon (5/15)
 Temple: D:4-7

Altars:
Cheibriados
Trog
Xom
The Shining One

Shops:
D:1 [   D:3 *


Innate Abilities, Weirdness & Mutations

You have a pair of horns on your head.
You reflexively headbutt those who attack you in melee.


Message History

There is an open door here.
There is a stone staircase leading down here.
You climb downwards.
Found seven items.
There is a stone staircase leading up here.
A scorpion comes into view.
An ogre comes into view. It is wielding a +0 giant spiked club.
The scorpion stings you but does no damage.
A bullfrog zombie comes into view.
You hit the scorpion. You headbutt the scorpion!
The scorpion is heavily wounded.
The scorpion stings you but does no damage.
The scorpion stings you.
You hit the scorpion.
The scorpion is severely wounded.
The scorpion stings you but does no damage.
You block the scorpion's attack.
You hit the scorpion.
The scorpion is almost dead.
The scorpion stings you but does no damage.
You hit the scorpion but do no damage.
The scorpion is almost dead.
You block the scorpion's attack.
The bullfrog zombie hits you but does no damage.
The ogre hits you with a +0 giant spiked club!!
The scorpion stings you! You block the bullfrog zombie's attack.
The ogre barely misses you. You furiously retaliate!
You headbutt the ogre.
There is a stone staircase leading up here.
You block the scorpion's attack. The ogre barely misses you.
You climb upwards.
There is a stone staircase leading down here.
Your plate armour prevents you from hitting the scorpion.
The scorpion is almost dead.
The scorpion stings you but does no damage.
You block the ogre's attack.
You hit the scorpion.
You kill the scorpion!
The ogre hits you with a +0 giant spiked club!!
Ouch! That really hurt!
You die...

##### #...####
#...)..#
#..###.###
#..#.....####
###..#.###....#
.......#......####
....+..#.###...O@#
....##...#.....#.#
....##...#.###.#.#
########...#.....#
#......#.(.###
#.........####
#......#.....#
#.........##.#
#.......#.##.#


You could see an ogre.

Vanquished Creatures
  A scorpion (D:4)
  An iguana (D:3)
  4 adders
  4 gnolls (D:4)
  A worm (D:3)
  4 dart slugs
  9 bats
  2 endoplasms
  2 giant cockroaches
  7 goblins
  8 hobgoblins
  5 jackals (D:3)
  10 kobolds
  3 quokkas (D:2)
  2 ball pythons
  4 frilled lizards
  5 rats
72 creatures vanquished.

Vanquished Creatures (others)
  5 dream sheep (D:4)
  3 plants (D:2)
8 creatures vanquished.

Grand Total: 80 creatures vanquished

Notes
Turn   | Place    | Note
-------+----------+-------------------------------------------
     0 | D:1      | eliilek the Minotaur Fighter began the quest for the Orb.
     0 | D:1      | Reached XP level 1. HP: 19/19 MP: 0/0
    73 | D:1      | Reached XP level 2. HP: 21/27 MP: 1/1
   180 | D:1      | Reached skill level 4 in Shields
   588 | D:1      | Found Sydwoum's Armour Boutique.
  1021 | D:2      | Reached XP level 3. HP: 33/33 MP: 2/2
  1036 | D:2      | Found a faded altar of an unknown god.
  1042 | D:2      | Became a worshipper of the Shining One
  1042 | D:2      | Reached * piety under the Shining One
  1834 | D:3      | Reached XP level 4. HP: 35/40 MP: 1/3
  2075 | D:3      | Found Xoacueq's General Store.
  2080 | D:3      | Bought a potion of heal wounds for 55 gold pieces
  2082 | D:3      | Found a snail-covered altar of Cheibriados.
  2082 | D:3      | Found a bloodstained altar of Trog.
  2736 | D:4      | Reached skill level 5 in Shields
  2736 | D:4      | Reached XP level 5. HP: 44/46 MP: 4/4
  3170 | D:4      | Noticed a dream sheep
  3170 | D:4      | Noticed a dream sheep
  3170 | D:4      | Noticed a dream sheep
  3170 | D:4      | Noticed a dream sheep
  3170 | D:4      | Noticed a dream sheep
  3170 | D:4      | Found a shimmering altar of Xom.
  3173 | D:4      | Killed a dream sheep
  3173 | D:4      | Killed a dream sheep
  3173 | D:4      | Killed a dream sheep
  3173 | D:4      | Killed a dream sheep
  3173 | D:4      | Killed a dream sheep
  3592 | D:5      | Entered Level 5 of the Dungeon
  3594 | D:5      | Noticed an ogre
  3608 | D:4      | Mangled by an ogre

Illustrated notes

Levels and vault maps discovered:
D:1:      dpeg_arrival_tiny_d, layout_rooms, serial_shops, nicolae_square_shop
D:2:      layout_basic, chequers_ecumenical_altar_lobes
D:3:      layout_loops_cross, jmf_multi_god_temple, serial_rivers,
          chequers_serial_rivers_micro_b, chequers_serial_rivers_micro_b,
          chequers_serial_rivers_micro_e, chequers_serial_rivers_micro_b,
          serial_shops, shop
D:4:      layout_basic, kb_xom_exploding_sheep, hangedman_decor_peaks_small,
          chequers_mini_garden, minmay_hedge_maze,
          minmay_misc_feat_four_crosses, hangedman_abyss_or_decor_stabs,
          hangedman_decor_slide_cut
D:5:      layout_rooms, serial_shops, shop, uniq_duvessa

Skill      XL: |  1  2  3  4 |
---------------+-------------+-----
Shields        | 4 5 |  5.5
Maces & Flails | 3 4 |  4.8
Fighting       | 4 |  4.5
Armour         | 4 |  4.5

Action                   |  1- 3 |  4- 6 || total
-------------------------+-------+-------++-------
Melee: Flail             |   101 |    58 ||   159
       Headbutt          |    20 |    11 ||    31
Throw: Javelin           |     4 |       ||     4
       Stone             |     1 |       ||     1
  Use: Scroll            |       |     1 ||     1
       Potion            |       |     1 ||     1
Armor: Scale mail        |    45 |    11 ||    56
       Plate armour      |       |    25 ||    25
Dodge: Dodged            |    36 |    10 ||    46
Block: Kite shield       |    68 |    24 ||    92
